 Dungeon Sprint DCSS version 0.29-a0-352-g0917bc69df (webtiles) character file.

Game seed: 8583561213918520986

33082 mhtbhm the Phalangite (level 13, -1/154 HPs)
             Began as a Minotaur Berserker on Apr 23, 2022.
             Was the Champion of Trog.
             Slain by an entropy weaver simulacrum (32 damage)
             ... in the Dungeon (Sprint IX: "|||||||||||||||||||||||||||||").
             The game lasted 00:05:09 (3590 turns).

mhtbhm the Phalangite (Minotaur Berserker)          Turns: 3590, Time: 00:05:10

Health: -1/154     AC: 21    Str: 26    XL:     13   Next: 34%
Magic:  12/12      EV: 12    Int:  4    God:    Trog [******]
Gold:   1302       SH:  0    Dex: 11    Spells: 12/12 levels left

rFire   . . .      SeeInvis +   a - +5 glaive (flame)
rCold   . . .      Faith    .   (shield currently unavailable)
rNeg    . . .      Spirit   .   b - +4 plate armour {Will+}
rPois   .          Reflect  .   (helmet restricted)
rElec   .          Harm     .   r - +2 cloak
rCorr   .          Rampage  .   s - +0 pair of gloves
Will    +....      NoTele   +   k - +0 pair of boots
Stlth   ..........              (no amulet)
HPRegen 0.35/turn               A - ring of see invisible
MPRegen 0.13/turn               m - +2 ring of protection

@: corroded, slowed, very slow
A: horns 2, retaliatory headbutt
a: Renounce Religion, Berserk, Trog's Hand, Brothers in Arms


You were in the Dungeon.
You worshipped Trog.
Trog was exalted by your worship.
You visited 1 branch You collected 1934 gold pieces.
You spent 632 gold pieces at shops.

Inventory:

Hand Weapons
 a - a +5 glaive of flaming (weapon)
 u - a +3 antimagic demon trident
Missiles
 q - 2 throwing nets (quivered)
 w - 2 curare-tipped darts
Armour
 b - a +4 plate armour of willpower (worn)
 k - a +0 pair of boots (worn)
 l - a +1 tower shield
 r - a +2 cloak (worn)
 s - a +0 pair of gloves (worn)
Jewellery
 m - a +2 ring of protection (right hand)
 x - a ring of fire
 y - a ring of protection from cold
 A - a ring of see invisible (left hand)
Wands
 j - a wand of iceblast (10)
 t - a wand of mindburst (9)
Scrolls
 h - 5 scrolls of blinking
 n - 4 scrolls of identify
 o - 2 scrolls of enchant weapon
 p - 7 scrolls of enchant armour
 v - a scroll of summoning
 B - 2 scrolls of fog
Potions
 c - 7 potions of curing
 d - 4 potions of heal wounds
 e - a potion of haste
 f - 4 potions of magic
 g - 3 potions of berserk rage
 i - 2 potions of invisibility
 z - 3 potions of might


   Skills:
 + Level 25.1 Fighting
 + Level 26.3 Polearms
 + Level 14.9 Armour
 + Level 14.1 Dodging
 + Level 4.2 Stealth


You had 12 spell levels left.
You didn't know any spells.
Your spell library was empty.

Dungeon Overview and Level Annotations

Branches:
Dungeon (1/1)

Altars:
Cheibriados
Dithmenos
Elyvilon
Fedhas
Gozag
Hepliaklqana
Kikubaaqudgha
Makhleb
Nemelex Xobeh
Okawaru
Qazlal
Ru
Sif Muna
Trog
Uskayaw
Vehumet
Wu Jian
Xom
Yredelemnul
Zin
The Shining One
Beogh
Jiyva
Lugonu

Shops:
D [=(*


Innate Abilities, Weirdness & Mutations

You have a pair of horns on your head.
You reflexively headbutt those who attack you in melee.


Message History

You hit the entropy weaver. You burn the entropy weaver.
You headbutt the entropy weaver.
You kill the entropy weaver!
Trog accepts your kill.
Trog appreciates your killing of a magic user.
A freezing mist starts to gather...
An entropy weaver simulacrum comes into view.
You hit the demonic crawler but do no damage.
You headbutt the demonic crawler!
The demonic crawler is moderately wounded.
The demonic crawler hits you but does no damage. x2
The demonic crawler misses you.
The demonic crawler hits you but does no damage.
The demonic crawler hits you. x2
The entropy weaver simulacrum barely misses you.
The entropy weaver simulacrum hits you but does no damage. x3
You hit the demonic crawler.
The demonic crawler is moderately wounded.
The demonic crawler hits you. The demonic crawler misses you.
The demonic crawler closely misses you. The entropy weaver simulacrum hits you.
The entropy weaver simulacrum freezes you!!
The entropy weaver simulacrum hits you.
The entropy weaver simulacrum freezes you!!
The entropy weaver simulacrum hits you but does no damage.
The entropy weaver simulacrum barely misses you.
You hit the demonic crawler. You burn the demonic crawler.
You headbutt the demonic crawler, but do no damage.
The demonic crawler is moderately wounded.
The demonic crawler hits you.
The demonic crawler hits you but does no damage.
The demonic crawler barely misses you.
The entropy weaver simulacrum hits you but does no damage.
The entropy weaver simulacrum hits you.
The entropy weaver simulacrum freezes you!!
* * * LOW HITPOINT WARNING * * *
The entropy weaver simulacrum completely misses you.
The entropy weaver simulacrum hits you.
* * * LOW HITPOINT WARNING * * *
The entropy weaver simulacrum freezes you!!
You die...

.▓.▓.▓.▓.▓.▓.▓.▓.▓
.▓.▓'▓.▓.▓.▓.▓.▓.▓
.▓.▓.▓.▓.▓.▓.▓.▓.▓
.▓.▓.▓.▓.▓.▓'▓.▓.▓
)▓.▓.▓.▓.▓.▓.▓.▓.▓
.▓.▓.▓[▓.▓.▓.▓.▓.▓
.▓.▓.▓.▓.▓.▓.▓.▓.▓
.▓.▓.▓.▓'▓.▓.▓.▓Z▓
.▓.▓)▓.▓)▓.▓.▓.▓@▓
.▓.▓.▓.▓)▓.▓)▓.▓s▓
'▓.▓.▓.▓)▓.▓=▓.▓s▓
_▓.▓.▓.▓)▓.▓)▓.▓w▓
_▓.▓.▓.▓)▓.▓)▓.▓s▓
_▓.▓.▓.▓)▓.▓=▓.▓s▓
_▓.▓)▓.▓)▓.▓)▓.▓.▓
_▓.▓÷▓)▓)▓.▓)▓.▓.▓
_▓.▓.▓)▓.▓.▓)▓.▓


You could see a torpor snail (soul bound), a demonic crawler, an orb spider, a
culicivora (soul bound), a redback and an entropy weaver simulacrum.

Vanquished Creatures
  A lich (D)
  A tengu reaver (D)
  A fire giant (D)
  2 stone giants (D)
  An entropy weaver (D)
  Azrael (D)
  2 dire elephants (D)
  A rakshasa (D)
  Erolcha (D)
  An ogre mage (D)
  6 centaur warriors (D)
  Erica (D)
  7 orc high priests (D)
  A tengu warrior (D)
  A pharaoh ant (D)
  10 orc knights (D)
  2 ugly things (D)
  A manticore (D)
  Maurice (D)
  2 black mambas (D)
  7 elephants (D)
  3 cane toads (D)
  An efreet (D)
  A demonic crawler (D)
  A komodo dragon (D)
  A blink frog (D)
  A culicivora (D)
  A wraith (D)
  4 fire elementals (D)
  3 wyverns (D)
  3 yaks (D)
  3 basilisks (D)
  4 water moccasins (D)
  2 hell hounds (D)
  10 orc warriors (D)
  2 centaurs (D)
  A bullfrog (D)
  A scorpion (D)
  3 orc priests (D)
  3 orc wizards (D)
  2 adders (D)
  8 orcs (D)
  A giant cockroach (D)
  2 goblins (D)
  A bat (D)
  A rat (D)
114 creatures vanquished.

Vanquished Creatures (collateral kills)
  A basilisk (D)
1 creature vanquished.

Grand Total: 115 creatures vanquished

Notes
Turn   | Place    | Note
-------+----------+-------------------------------------------
     0 | D        | mhtbhm the Minotaur Berserker began the quest for the Orb.
     0 | D        | Reached XP level 1. HP: 19/19 MP: 0/0
    12 | D        | Reached skill level 4 in Polearms
    14 | D        | Reached ** piety under Trog
    87 | D        | Noticed a water moccasin
    87 | D        | Noticed a scorpion
    90 | D        | Reached *** piety under Trog
    91 | D        | Reached skill level 5 in Fighting
    91 | D        | Reached skill level 5 in Polearms
    91 | D        | Reached XP level 2. HP: 29/29 MP: 1/1
    96 | D        | Killed a water moccasin
    97 | D        | Reached skill level 8 in Polearms
    97 | D        | Reached XP level 3. HP: 40/40 MP: 2/2
    97 | D        | Reached XP level 4. HP: 48/48 MP: 3/3
    99 | D        | Killed a scorpion
   100 | D        | Reached skill level 9 in Polearms
   100 | D        | Reached skill level 5 in Dodging
   100 | D        | Reached XP level 5. HP: 56/56 MP: 4/4
   149 | D        | Found a snail-covered altar of Cheibriados.
   149 | D        | Found a shadowy altar of Dithmenos.
   149 | D        | Found a white marble altar of Elyvilon.
   149 | D        | Found a blossoming altar of Fedhas.
   149 | D        | Found an opulent altar of Gozag.
   150 | D        | Found a hazy altar of Hepliaklqana.
   151 | D        | Found a viscous altar of Jiyva.
   152 | D        | Found an ancient bone altar of Kikubaaqudgha.
   153 | D        | Found a corrupted altar of Lugonu.
   154 | D        | Found a burning altar of Makhleb.
   155 | D        | Found a sparkling altar of Nemelex Xobeh.
   156 | D        | Found an iron altar of Okawaru.
   157 | D        | Found a stormy altar of Qazlal.
   158 | D        | Found a sacrificial altar of Ru.
   159 | D        | Found a shimmering blue altar of Sif Muna.
   160 | D        | Found a bloodstained altar of Trog.
   161 | D        | Found a hide-covered altar of Uskayaw.
   162 | D        | Found a radiant altar of Vehumet.
   163 | D        | Found an ornate altar of the Wu Jian Council.
   164 | D        | Found a shimmering altar of Xom.
   165 | D        | Found a basalt altar of Yredelemnul.
   166 | D        | Found a glowing silver altar of Zin.
   167 | D        | Found a glowing golden altar of the Shining One.
   216 | D        | Noticed a centaur
   216 | D        | Noticed a wyvern
   216 | D        | Noticed an orc warrior
   216 | D        | Noticed a wraith
   216 | D        | Noticed a yak
   220 | D        | Killed a centaur
   220 | D        | Reached **** piety under Trog
   221 | D        | Reached skill level 10 in Polearms
   221 | D        | Reached skill level 5 in Armour
   221 | D        | Reached XP level 6. HP: 64/64 MP: 5/5
   222 | D        | Killed a wyvern
   223 | D        | Reached skill level 10 in Fighting
   223 | D        | Reached skill level 11 in Polearms
   224 | D        | Killed an orc warrior
   225 | D        | Reached XP level 7. HP: 74/74 MP: 6/6
   228 | D        | Killed a wraith
   228 | D        | Reached ***** piety under Trog
   229 | D        | Reached skill level 12 in Polearms
   230 | D        | Killed a yak
   231 | D        | Reached skill level 13 in Polearms
   291 | D        | Noticed a centaur warrior
   291 | D        | Noticed a purple ugly thing
   291 | D        | Noticed a centaur warrior
   291 | D        | Noticed a centaur warrior
   291 | D        | Noticed a basilisk
   296 | D        | Killed a centaur warrior
   297 | D        | Reached skill level 14 in Polearms
   297 | D        | Reached XP level 8. HP: 86/86 MP: 7/7
   301 | D        | Killed a purple ugly thing
   302 | D        | Reached skill level 15 in Polearms
   304 | D        | Killed a centaur warrior
   305 | D        | Reached skill level 16 in Polearms
   305 | D        | Reached XP level 9. HP: 96/96 MP: 8/8
   310 | D        | Killed a centaur warrior
   310 | D        | Received a gift from Trog
   311 | D        | Reached skill level 15 in Fighting
   311 | D        | Reached skill level 17 in Polearms
   311 | D        | Reached skill level 1 in Stealth
   315 | D        | Reached skill level 10 in Dodging
   516 | D        | Noticed a komodo dragon
   516 | D        | Noticed a cane toad
   516 | D        | Noticed a cane toad
   521 | D        | Killed a komodo dragon
   523 | D        | Killed a cane toad
   526 | D        | Reached skill level 18 in Polearms
   526 | D        | Noticed a cane toad
   528 | D        | Noticed a black mamba
   529 | D        | Reached XP level 10. HP: 73/107 MP: 9/9
   531 | D        | Killed a cane toad
   532 | D        | Reached skill level 10 in Armour
   540 | D        | Identified the +10 battleaxe of Lioxzer {vorpal, rN++ Will+
                  | Str-5} (Trog gifted it to you in the Dungeon)
   540 | D        | Received a gift from Trog
   544 | D        | Killed a cane toad
   547 | D        | Killed a black mamba
   548 | D        | Reached skill level 19 in Polearms
   801 | D        | Noticed an elephant
   801 | D        | Noticed a black mamba
   815 | D        | Killed an elephant
   822 | D        | Killed a black mamba
   838 | D        | Reached ****** piety under Trog
  1122 | D        | Noticed an elephant
  1122 | D        | Noticed an elephant
  1122 | D        | Noticed an elephant
  1122 | D        | Noticed a dire elephant
  1122 | D        | Noticed an elephant
  1122 | D        | Noticed a dire elephant
  1126 | D        | Killed an elephant
  1127 | D        | Reached skill level 20 in Polearms
  1139 | D        | Noticed an elephant
  1141 | D        | Killed an elephant
  1141 | D        | Received a gift from Trog
  1143 | D        | Killed a dire elephant
  1144 | D        | Reached XP level 11. HP: 52/119 MP: 10/10
  1151 | D        | Killed a dire elephant
  1155 | D        | Reached skill level 21 in Polearms
  1389 | D        | Noticed Erica
  1396 | D        | Killed Erica
  1405 | D        | Noticed Erolcha
  1412 | D        | Killed Erolcha
  1412 | D        | Received a gift from Trog
  1649 | D        | Noticed Maurice
  1655 | D        | Killed Maurice
  1697 | D        | Noticed an orc knight
  1704 | D        | Killed an orc knight
  1705 | D        | Reached skill level 22 in Polearms
  1711 | D        | Received a gift from Trog
  1727 | D        | Received a gift from Trog
  1777 | D        | Noticed an orc knight
  1779 | D        | Noticed an orc knight
  1787 | D        | Killed an orc knight
  1789 | D        | Noticed an orc knight
  1796 | D        | Killed an orc knight
  1798 | D        | Received a gift from Trog
  1807 | D        | Killed an orc knight
  1882 | D        | Found Wurasibb's Antique Armour Emporium.
  1882 | D        | Noticed an orc knight
  1882 | D        | Noticed an orc high priest
  1882 | D        | Noticed an orc high priest
  1882 | D        | Noticed an orc knight
  1882 | D        | Noticed an orc knight
  1883 | D        | Noticed an orc knight
  1887 | D        | Killed an orc knight
  1887 | D        | Received a gift from Trog
  1888 | D        | Noticed an orc high priest
  1895 | D        | Killed an orc high priest
  1896 | D        | Reached XP level 12. HP: 132/134 MP: 11/11
  1896 | D        | Found Piasm's Jewellery Shoppe.
  1896 | D        | Noticed an orc high priest
  1898 | D        | Killed an orc high priest
  1899 | D        | Reached skill level 23 in Polearms
  1912 | D        | Found Kalloos's Antique Weapon Emporium.
  1917 | D        | Killed an orc high priest
  1921 | D        | Killed an orc high priest
  2019 | D        | Received a gift from Trog
  2330 | D        | Found Kaad's General Store.
  2333 | D        | Noticed an orc high priest
  2335 | D        | Noticed an orc high priest
  2336 | D        | Noticed an orc high priest
  2345 | D        | Killed an orc high priest
  2354 | D        | Reached skill level 24 in Polearms
  2356 | D        | Killed an orc high priest
  2359 | D        | Killed an orc high priest
  2380 | D        | Bought a shiny plate armour for 442 gold pieces
  2391 | D        | Bought a scroll of summoning for 123 gold pieces
  2391 | D        | Bought 2 scrolls of identify for 52 gold pieces
  2393 | D        | Bought 2 curare-tipped darts for 15 gold pieces
  2599 | D        | Noticed a centaur warrior
  2599 | D        | Noticed a centaur warrior
  2599 | D        | Noticed an ogre mage
  2606 | D        | Killed a centaur warrior
  2611 | D        | Killed a centaur warrior
  2613 | D        | Noticed a centaur warrior
  2616 | D        | Received a gift from Trog
  2617 | D        | Noticed a tengu warrior
  2619 | D        | Noticed a rakshasa
  2621 | D        | Killed an ogre mage
  2633 | D        | Noticed a stone giant
  2635 | D        | Killed a centaur warrior
  2643 | D        | Killed a tengu warrior
  2644 | D        | Reached skill level 25 in Polearms
  2649 | D        | Killed a rakshasa
  2649 | D        | Received a gift from Trog
  2654 | D        | Killed a stone giant
  2962 | D        | Noticed a fire giant
  2963 | D        | Noticed a stone giant
  2964 | D        | Noticed a lich
  2965 | D        | Noticed a tengu reaver
  2968 | D        | Killed a fire giant
  2969 | D        | Reached XP level 13. HP: 37/150 MP: 12/12
  2977 | D        | Killed a stone giant
  2980 | D        | Killed a lich
  2980 | D        | Received a gift from Trog
  2988 | D        | Killed a tengu reaver
  3250 | D        | Noticed Azrael
  3266 | D        | Killed Azrael
  3267 | D        | Reached skill level 26 in Polearms
  3268 | D        | Received a gift from Trog
  3571 | D        | Noticed an entropy weaver
  3587 | D        | Killed an entropy weaver
  3590 | D        | Slain by an entropy weaver simulacrum

Illustrated notes

Levels and vault maps discovered:
D:        linesprint [early_d, line_temple, items_1, d_10, items_2, lair_1,
          lair_end, items_3, orc_1, orc_end, items_4, d_15, swamp_1, shoals_1,
          snake_1, spider_1, d_20, vaults_1, items_5, swamp_end, shoals_end,
          snake_end, spider_end, vaults_end, d_27, items_6, zot_1, zot_end,
          crypt_end, forest_end, elf_end, slime_end, tomb_end, abyss_end,
          pan_hell_end]

Skill      XL: |  1  2  3  4  5  6  7  8  9 10 11 12 13 |
---------------+----------------------------------------+-----
Fighting       | 5 7 8 9 11 13 14 16 18 20 24 25 | 25.1
Polearms       | 5 8 9 10 11 14 16 18 20 22 25 26 | 26.3
Armour         | 3 4 5 6 8 9 11 12 13 14 | 14.9
Dodging        | 4 5 6 8 9 10 11 13 14 | 14.1
Stealth        | 1 2 3 4 |  4.2

Action                   |  1- 3 |  4- 6 |  7- 9 | 10-12 | 13-15 || total
-------------------------+-------+-------+-------+-------+-------++-------
Melee: Spear             |    23 |     3 |       |       |       ||    26
       Headbutt          |     1 |     3 |     5 |    57 |    11 ||    77
       Halberd           |       |     6 |    35 |   104 |       ||   145
       Glaive            |       |       |       |   160 |    52 ||   212
Invok: Berserk           |     1 |     1 |     1 |     7 |     2 ||    12
       Brothers in Arms  |       |       |       |     1 |       ||     1
  Use: Potion            |       |       |       |     1 |     1 ||     2
Armor: Ring mail         |       |     1 |     6 |    21 |       ||    28
       Plate armour      |       |       |       |    19 |    30 ||    49
Dodge: Dodged            |     9 |     2 |    11 |    81 |    24 ||   127

Table legend: (Time is in decaauts)
 A = Elapsed time spent in this place.
 B = Non-inter-level travel time spent in this place.
 C = Inter-level travel time spent in this place.
 D = Time resting spent in this place.
 E = Time spent auto-exploring this place.
 F = Levels seen in this place.
 G = Mean time per level.
                   A        B        C        D        E       F      G
               +--------+--------+--------+--------+--------+-----+--------+
         Total |   3569 |   3569 |      0 |   2117 |    236 |   1 | 3569.0 |
       Dungeon |   3569 |   3569 |      0 |   2117 |    236 |   1 | 3569.0 |
               +--------+--------+--------+--------+--------+-----+--------+

Top non-repeatable levels by time:
       D: 3569 daAuts
